 Dungeon Crawl Stone Soup version 0.28.0-53-g5a82cb258f (webtiles) character file.

Game seed: 15548170498840213250

172 SanguineChosen the Chopper (level 5, -1/47 HPs)
             Began as a Hill Orc Cinder Acolyte on June 21, 2022.
             Was a High Priest of Ignis.
             Slain by a gnoll
             ... wielding a +0 whip
              (3 damage)
             ... on level 3 of the Dungeon.
             The game lasted 00:14:27 (5406 turns).

SanguineChosen the Chopper (HOCA)                   Turns: 5406, Time: 00:14:27

Health: -1/47      AC:  2    Str: 19    XL:     5   Next: 52%
Magic:  3/7        EV: 11    Int: 14    God:    Ignis [*****.]
Gold:   119        SH:  5    Dex: 12    Spells: 5/7 levels left

rFire   + . .      SeeInvis .   a - -1 hand axe (flame)
rCold   . . .      Faith    .   (no shield)
rNeg    . . .      Spirit   .   b - +0 robe
rPois   .          Reflect  +   (no helmet)
rElec   .          Harm     .   (no cloak)
rCorr   .          Rampage  .   (no gloves)
Will    .....                   (no boots)
Stlth   ++........              n - amulet of reflection
HPRegen 0.15/turn               d - +6 ring of dexterity
MPRegen 0.10/turn               m - ring of wizardry

@: no status effects
A: no striking features
a: Renounce Religion, Fiery Armour, Foxfire Swarm, Rising Flame


You were on level 3 of the Dungeon.
You worshipped Ignis.
Ignis was extremely pleased with you.
You visited 1 branch of the dungeon, and saw 3 of its levels.

You collected 119 gold pieces.

Inventory:

Hand Weapons
 a - a -1 hand axe of flaming (weapon)
Armour
 b - a +0 robe (worn)
Jewellery
 d - a +6 ring of dexterity (left hand)
 j - an amulet of the acrobat
 m - a ring of wizardry (right hand)
 n - an amulet of reflection (around neck)
Scrolls
 c - a scroll of teleportation {unknown}
 e - 3 scrolls of fog {unknown}
 f - a scroll of summoning {unknown}
 k - a scroll of identify {unknown}
 l - a scroll of blinking {unknown}
Potions
 g - a potion of heal wounds {unknown}
 i - 2 potions of flight {unknown}
 o - a potion of degeneration {unknown}


   Skills:
 + Level 4.4 Fighting
 + Level 4.9 Axes
 + Level 0.3 Dodging
 + Level 1.1 Stealth
 + Level 1.8 Spellcasting
 + Level 4.6 Fire Magic


You had 5 spell levels left.
You knew the following spells:

 Your Spells              Type           Power      Damage    Failure   Level
a - Scorch                Fire           28%        2d6       2%          2

Your spell library contained the following spells:

 Spells                   Type           Power      Damage    Failure   Level
 Ozocubu's Armour         Ice            1%         N/A       28%         3
 Ozocubu's Refrigeration  Ice            0%         4d5       100%        7


Dungeon Overview and Level Annotations

Branches:
Dungeon (3/15)

Altars:
Wu Jian


Message History

Things that are here:
a +0 club; a gnoll corpse You don't have enough magic to cast this spell.
You hit the gnoll but do no damage.
The gnoll is moderately wounded.
The gnoll completely misses you.
You hit the gnoll. You burn the gnoll.
The gnoll is heavily wounded.
The gnoll completely misses you.
You barely miss the gnoll.
The gnoll is heavily wounded.
The gnoll closely misses you. The gnoll hits you with a +3 halberd.
You closely miss the gnoll.
The gnoll is heavily wounded.
The gnoll hits you with a +3 halberd!!
* * * LOW HITPOINT WARNING * * *
It was a potion of curing.
You feel better. The gnoll closely misses you.
You barely miss the gnoll.
The gnoll is heavily wounded.
The gnoll hits you with a +3 halberd!
* * * LOW HITPOINT WARNING * * *
You feel better. The gnoll hits you with a +3 halberd.
* * * LOW HITPOINT WARNING * * *
You feel better. You block the gnoll's attack.
You hit the gnoll. You burn the gnoll.
The gnoll is almost dead.
The gnoll hits you with a +3 halberd!
* * * LOW HITPOINT WARNING * * *
You closely miss the gnoll.
The gnoll is almost dead.
The gnoll hits you with a +3 halberd!
* * * LOW HITPOINT WARNING * * *
You hit the gnoll. You burn the gnoll.
You kill the gnoll!
You barely miss the gnoll. The gnoll hits you with a +0 whip.
* * * LOW HITPOINT WARNING * * *
You hit the gnoll. You burn the gnoll.
The gnoll is severely wounded.
The gnoll hits you with a +0 whip.
You die...

# #. .##. ## ...
#. ##.## #.
#...###### #.
#.#......# #.
#...####.#
.#####.######.##
#.#
......og@.....#
#.#
..####.########
#.# ... #.# ####
#.# #.# ###.###
#.....#
#.###.###
#..##....


You could see a gnoll and an orc.

Vanquished Creatures
  Natasha (D:3)
  3 adders (D:2)
  3 gnolls (D:3)
  2 worms (D:2)
  4 dart slugs
  4 bats
  7 endoplasms
  3 giant cockroaches
  13 goblins
  15 hobgoblins
  3 kobolds
  A quokka (D:2)
  6 ball pythons
  3 frilled lizards
  4 rats (D:1)
72 creatures vanquished.

Notes
Turn   | Place    | Note
-------+----------+-------------------------------------------
     0 | D:1      | SanguineChosen the Hill Orc Cinder Acolyte began the quest
                  | for the Orb.
     0 | D:1      | Reached XP level 1. HP: 19/19 MP: 2/2
     2 | D:1      | Noticed a felid
     2 | D:1      | Noticed a spriggan
     4 | D:1      | Noticed an ogre
     4 | D:1      | Noticed a ghoul
     6 | D:1      | Noticed a formicid
     8 | D:1      | Noticed a vine stalker
     8 | D:1      | Noticed a tengu
    10 | D:1      | Noticed a human
    12 | D:1      | Noticed an elf
    14 | D:1      | Noticed a gargoyle
    14 | D:1      | Noticed a dwarf
    16 | D:1      | Noticed a demonspawn
    18 | D:1      | Noticed a vampire
    18 | D:1      | Noticed a naga
    20 | D:1      | Noticed a draconian
    20 | D:1      | Noticed a merfolk
    22 | D:1      | Noticed an octopode
    22 | D:1      | Noticed a demigod
    24 | D:1      | Noticed a minotaur
    26 | D:1      | Noticed a troll
   304 | D:1      | Reached XP level 2. HP: 27/27 MP: 3/3
   325 | D:1      | Learned a level 2 spell: Scorch
   802 | D:1      | HP: 1/27 [kobold/+0 club (1)]
  1744 | D:1      | Reached XP level 3. HP: 27/33 MP: 4/4
  3373 | D:2      | Reached XP level 4. HP: 29/41 MP: 0/6
  3954 | D:2      | Reached skill level 1 in Stealth
  5132 | D:3      | Identified the +4 hunting sling "Iruvashra" {freeze, +Blink
                  | Will+ Stlth-}
  5174 | D:3      | Noticed Natasha
  5185 | D:3      | Killed Natasha
  5186 | D:3      | Reached XP level 5. HP: 36/47 MP: 1/7
  5296 | D:3      | Found an ornate altar of the Wu Jian Council.
  5405 | D:3      | HP: 2/47 [gnoll/+0 whip (4)]
  5406 | D:3      | Slain by a gnoll

Illustrated notes

Levels and vault maps discovered:
D:1:      kb_arrival_jail, layout_basic, minmay_vboxes
D:2:      cheibrodos_greedy_goblins, layout_basic
D:3:      layout_loops_ring, grunt_nemelex_the_gamble,
          mainiacjoe_overflow_six_doors_small, lemuel_crystal_altar,
          uniq_natasha

Skill      XL: |  1  2  3  4 |
---------------+-------------+-----
Fighting       | 4 |  4.4
Stealth        | 1 |  1.1
Fire Magic     | 4 |  4.6
Axes           | |  4.9
Dodging        | |  0.3
Spellcasting   | |  1.8

Action                   |  1- 3 |  4- 6 || total
-------------------------+-------+-------++-------
Melee: Hand axe          |    73 |    79 ||   152
       Punch             |       |     2 ||     2
 Cast: Scorch            |    14 |    24 ||    38
  Use: Potion            |       |     3 ||     3
Armor: Robe              |    16 |    15 ||    31
Dodge: Dodged            |    35 |    38 ||    73
Block: Other             |       |     6 ||     6
